 Dungeon Crawl Stone Soup version 0.21-a0-642-g5d013b2151 (webtiles) character file.

85 Manul the Ducker (level 4, -7/24 HPs)
             Began as a Spriggan Abyssal Knight on Dec 31, 2017.
             Was a Believer of Lugonu.
             Killed from afar by blobbo's ghost (26 damage)
             ... with an orb of energy
             ... on level 3 of the Dungeon.
             The game lasted 00:03:39 (2097 turns).

Manul the Ducker (Spriggan Abyssal Knight)          Turns: 2097, Time: 00:03:39

Health: -7/24      AC:  2    Str:  8    XL:     4   Next: 25%
Magic:  6/6        EV: 20    Int: 13    God:    Lugonu [**....]
Gold:   104        SH:  0    Dex: 16    Spells: 3/3 levels left

rFire    . . .     SeeInvis +   i - +0 dagger (venom)
rCold    . . .     Gourm    .   (shield restricted)
rNeg     . . .     Faith    .   b - +0 robe
rPois    .         Spirit   .   (helmet restricted)
rElec    .         Reflect  .   d - scarf {repulsion}
rCorr    .         Harm     +   (gloves unavailable)
MR       .....                  (boots unavailable)
Stlth    ++........             j - amulet of harm
HPRegen  0.08/turn              (no ring)
MPRegen  0.10/turn              (no ring)

@: repel missiles, very quick
A: very small, unfitting armour, see invisible, herbivore, speed 3, slow
metabolism 2
a: Depart the Abyss, Bend Space, Renounce Religion


You were on level 3 of the Dungeon.
You worshipped Lugonu.
Lugonu was pleased with you.
You were not hungry.

You visited 1 branch of the dungeon, and saw 3 of its levels.
You visited the Abyss 1 time.

You collected 104 gold pieces.

Inventory:

Hand Weapons
 a - a +1 short sword
 e - a +1 hand axe of flaming
 i - a +0 dagger of venom (weapon)
 n - a +1 short sword of holy wrath
Missiles
 f - 5 needles of paralysis
Armour
 b - a +0 robe (worn)
 d - a scarf of repulsion (worn)
Jewellery
 j - an amulet of harm (around neck)
Scrolls
 g - 3 scrolls of magic mapping {unknown}
 k - a scroll of amnesia {unknown}
 m - 4 scrolls of identify
 r - a scroll of fog {unknown}
Potions
 h - 2 potions of heal wounds {unknown}
 l - a potion of curing {unknown}
 o - a potion of agility {unknown}
 q - a potion of berserk rage {unknown}
 s - a potion of might {unknown}
 t - a potion of brilliance {unknown}
Comestibles
 c - 8 rations


   Skills:
 + Level 3.1 Fighting
 + Level 2.6 Short Blades
 + Level 4.6 Dodging
 * Level 2.8 Stealth
 + Level 2.1 Invocations


You had 3 spell levels left.
You didn't know any spells.

Dungeon Overview and Level Annotations

Branches:
Dungeon (3/15)

Altars:
Hepliaklqana
Nemelex Xobeh
Trog
Zin

Annotations:
D:3 Jessica; blobbo's ghost, novice DrCj


Innate Abilities, Weirdness & Mutations

You are very small and have problems with some larger weapons.
You are too small for most types of armour.
You have supernaturally acute eyesight. (SInv)
You are a herbivore.
You cover ground extremely quickly.
You need consume almost no food.


Message History

Things that are here:
a club; a hobgoblin corpse
c - 8 rations (gained 1)
You hear the slow rusting of a very distant drain.
Items here: ( )) † an uncursed dagger; an uncursed hunting sling; 17 stones; a goblin corpse A goblin comes into view.
The goblin shouts!
A worm comes into view.
Blobbo's ghost turns its malevolent gaze towards you.
You hear a shout!
Blobbo's ghost points at you and mumbles some strange words.
The orb of energy is repelled.
Found a scroll labeled TOARUN FAIHE.
Found a whip.
Blobbo's ghost wails, "Very impressive.
But it won't help.
Nothing will."
Blobbo's ghost gestures at you while chanting.
The orb of energy hits you!
Ouch! That really hurt!
You die...

.# #.................# #..
.# #...........#.....#
##.. .#
#.........#.......#####...
.#
#.........##...>........_.
.#
#.........###.....####...†
.## #.........#
#..........#.. ..####
#.........# #..........#..
..>..#
#.......g.#####.#..).)†..#
<###..
#...W....@............)...
##
#..w.......####.#.........
..#####..## #.#.........
#..# #.###....... #?.# #.#
##...... ##.. #.# ##...##
#.) ##### ##.


You could see a worm (wandering), blobbo's ghost and a goblin.

Vanquished Creatures
  A gnoll (D:1)
  An adder (D:2)
  A worm (D:2)
  4 dart slugs
  A leopard gecko (D:2)
  A ball python (D:2)
  2 giant cockroaches (D:1)
  5 goblins
  7 hobgoblins
  11 bats
  5 frilled lizards
  10 kobolds
  6 rats
55 creatures vanquished.

Vanquished Creatures (others)
  2 starspawn tentacles (Abyss:1)
2 creatures vanquished.

Grand Total: 57 creatures vanquished

Notes
Turn   | Place    | Note
-------+----------+-------------------------------------------
     0 | Abyss:1  | Manul the Spriggan Abyssal Knight began the quest for the Orb.
     0 | Abyss:1  | Reached XP level 1. HP: 11/11 MP: 3/3
    35 | Abyss:1  | Noticed a tentacled starspawn
    37 | Abyss:1  | Noticed a large abomination
    84 | Abyss:2  | Found a corrupted altar of Lugonu.
    87 | Abyss:2  | Noticed an insubstantial wisp
    88 | Abyss:2  | Noticed an insubstantial wisp
   172 | Abyss:2  | Noticed a neqoxec
   191 | Abyss:2  | Noticed a small abomination
   195 | Abyss:2  | Noticed a raiju
   213 | Abyss:2  | Noticed a neqoxec
   279 | Abyss:2  | Noticed an orange demon
   281 | Abyss:2  | Noticed a small abomination
   304 | Abyss:2  | Noticed a thrashing horror
   308 | D:1      | Escaped the Abyss
   412 | D:1      | Reached XP level 2. HP: 13/16 MP: 4/4
   454 | D:1      | Reached skill level 4 in Dodging
   454 | D:1      | Reached skill level 1 in Stealth
   801 | D:1      | Reached * piety under Lugonu
   844 | D:1      | Reached XP level 3. HP: 10/19 MP: 5/5
  1254 | D:1      | You fall through a shaft!
  1590 | D:2      | Reached ** piety under Lugonu
  1590 | D:2      | Reached XP level 4. HP: 20/24 MP: 6/6
  1817 | D:2      | Found a faded altar of an unknown god.
  2001 | D:3      | Noticed Jessica
  2003 | D:3      | Noticed blobbo's ghost (novice DrCj)
  2036 | D:3      | Found a bloodstained altar of Trog.
  2039 | D:3      | Found a sparkling altar of Nemelex Xobeh.
  2052 | D:3      | Found a hazy altar of Hepliaklqana.
  2053 | D:3      | Found a glowing silver altar of Zin.
  2097 | D:3      | Killed from afar by blobbo's ghost

Vault maps used:
D:1:      onia_arrival_mini_spirals
D:2:      chequers_ecumenical_altar_lobes
D:3:      grunt_temple_overflow_open, first_ration, portal_sewer_entry_e,
          uniq_sigmund, uniq_jessica
Abyss:1:  gammafunk_corrupted_shrine
Abyss:2:  evilmike_abyss_exit_chaos

Skill      XL: |  1  2  3 |
---------------+----------+-----
Dodging        | 4 |  4.6
Stealth        | 1 2 |  2.8
Invocations    | 2 |  2.1
Fighting       | 3 |  3.1
Short Blades   | |  2.6

Action                   |  1- 3 |  4- 6 || total
-------------------------+-------+-------++-------
Melee: Hand axe          |    14 |       ||    14
       Dagger            |   104 |    41 ||   145
Invok: Depart the Abyss  |     1 |       ||     1
  Use: Scroll            |     2 |     1 ||     3
 Stab: Sleeping          |     5 |     3 ||     8
Armor: Robe              |    12 |     1 ||    13
Dodge: Dodged            |    99 |    28 ||   127
       Deflected         |     1 |     2 ||     3

Table legend:
 A = Spawn XP
 B = Non-spawn XP
 C = Spawn XP percentage of total XP
 D = Spawn monster count
 E = Non-spawn monster count
 F = Spawn count percentage of total count
 G = Total turns spent on level
                    A         B        C        D         E        F      G
               +---------+---------+-------+---------+---------+-------+---------
         Total |       0 |     122 |   0.0 |       0 |      55 |   0.0 |  2097
               +---------+---------+-------+---------+---------+-------+---------
           D:1 |       0 |      54 |   0.0 |       0 |      22 |   0.0 |  1107
           D:2 |       0 |      59 |   0.0 |       0 |      27 |   0.0 |   583
           D:3 |       0 |       9 |   0.0 |       0 |       6 |   0.0 |    99
               +---------+---------+-------+---------+---------+-------+---------
